 Dungeon Crawl Stone Soup version 0.30-a0-739-gea05faddec (webtiles) character file.

Game seed: 8761439128787913126

46 ASSMAN the Ruffian (level 3, -5/29 HPs)
             Began as a Demonspawn Cinder Acolyte on Feb 5, 2023.
             Was a High Priest of Ignis.
             Slain by Sigmund
             ... wielding a +1 scythe of protection
              (10 damage)
             ... on level 2 of the Dungeon.
             The game lasted 00:02:17 (1021 turns).

ASSMAN the Ruffian (Demonspawn Cinder Acolyte)      Turns: 1021, Time: 00:02:18

Health: -5/29      AC: 11    Str: 16    XL:     3   Next: 46%
Magic:  4/4        EV: 11    Int: 15    God:    Ignis [*****.]
Gold:   78         SH:  0    Dex:  8    Spells: 4/4 levels left

rFire   + . .      SeeInvis .      - Unarmed
rCold   . . .      Faith    .    (no shield)
rNeg    . . .      Spirit   .    a - +0 robe
rPois   .          Reflect  .    (no helmet)
rElec   .          Harm     .    (no cloak)
rCorr   .          Rampage  .    (no gloves)
Will    .....                    b - +0 pair of boots
Stlth   +                        (no amulet)
HPRegen 0.24/turn                (no ring)
MPRegen 0.09/turn                (no ring)

@: fiery-armoured
A: sharp scales 1
a: Renounce Religion, Fiery Armour, Foxfire Swarm, Rising Flame


You were on level 2 of the Dungeon.
You worshipped Ignis.
Ignis was extremely pleased with you.
You visited 1 branch of the dungeon, and saw 2 of its levels.

You collected 78 gold pieces.

Inventory:

Armour
 a - a +0 robe (worn)
 b - a +0 pair of boots (worn)
Jewellery
 c - a ring of wizardry
 g - a ring of flight
Scrolls
 d - a scroll of noise {unknown}
Potions
 e - a potion of brilliance {unknown}
 f - a potion of degeneration {unknown}
 h - a potion of curing


   Skills:
 - Level 3.0 Fighting
 + Level 4.1 Unarmed Combat
 - Level 1.0 Spellcasting
 - Level 2.6 Fire Magic


You had 4 spell levels left.
You didn't know any spells.
Your spell library contained the following spells:

 Spells                   Type           Power      Damage    Failure   Level
 Scorch                   Fire           16%        2d6       12%         2
 Summon Small Mammal      Summ           0%         N/A       24%         1
 Call Canine Familiar     Summ           0%         N/A       58%         3
 Stone Arrow              Conj/Erth      0%         3d7       58%         3
 Summon Guardian Golem    Hex/Summ       0%         N/A       58%         3
 Animate Armour           Summ/Erth      0%         N/A       94%         4
 Lehudib's Crystal Spear  Conj/Erth      0%         10d2      100%        8


Dungeon Overview and Level Annotations

Branches:
Dungeon (2/15)

Altars:

Shops:
D:1 !

Annotations:
D:2 Sigmund


Innate Abilities, Weirdness & Mutations

You are partially covered in razor-sharp scales. (AC +1, Slay +1)


Message History

Sigmund hits you but does no damage.
Sigmund is burned by your cloak of flames.
Sigmund is moderately wounded.
You hit Sigmund but do no damage.
Sigmund is moderately wounded.
Sigmund casts a spell at you. You resist with significant effort.
You hit Sigmund but do no damage.
Sigmund is moderately wounded.
Sigmund hits you but does no damage.
You hit Sigmund.
Sigmund is moderately wounded.
You completely miss Sigmund. Your punch misses Sigmund.
Sigmund is moderately wounded.
Sigmund hits you with a +1 scythe of protection.
Sigmund is burned by your cloak of flames.
Sigmund is heavily wounded.
You closely miss Sigmund.
Sigmund is heavily wounded.
You hit Sigmund.
Sigmund is heavily wounded.
Sigmund drinks a potion.
Sigmund is healed!
You closely miss Sigmund.
Sigmund is moderately wounded.
Sigmund casts a spell.
Sigmund flickers and vanishes!
Deactivating autopickup; reactivate with Ctrl-A.
You hit something but do no damage. Your punch misses something.
Something hits you but does no damage.
You closely miss something. Something hits you but does no damage.
You closely miss something. You miss something.
Something hits you but does no damage.
You miss something. You hit something but do no damage. Something hits you!
You barely miss something. Something hits you but does no damage.
You barely miss something. You closely miss something. Something hits you!
* * * LOW HITPOINT WARNING * * *
You barely miss something. Something hits you!
You die...

#.# #.#
#.# #.#
#.# #.#
#.#
#.###.##.#
#.@{......
#####.##.#


There were no monsters in sight!

Vanquished Creatures
  An adder (D:2)
  A dart slug (D:1)
  2 ball pythons (D:1)
  5 endoplasms (D:1)
  2 giant cockroaches
  4 hobgoblins
  6 jackals
  A bat (D:1)
  3 frilled lizards (D:1)
  3 goblins
  4 rats (D:1)
32 creatures vanquished.

Notes
Turn   | Place    | Note
-------+----------+-------------------------------------------
     0 | D:1      | ASSMAN the Demonspawn Cinder Acolyte began the quest for
                  | the Orb.
     0 | D:1      | Reached XP level 1. HP: 18/18 MP: 2/2
   179 | D:2      | Reached skill level 3 in Unarmed Combat
   203 | D:1      | Gained mutation: You are partially covered in razor-sharp
                  | scales. (AC +1, Slay +1) [demonic ancestry]
   203 | D:1      | Reached XP level 2. HP: 7/24 MP: 3/3
   346 | D:1      | Found Qang's Distillery.
   631 | D:1      | Reached XP level 3. HP: 29/29 MP: 4/4
   869 | D:2      | Reached skill level 4 in Unarmed Combat
   991 | D:2      | Noticed Sigmund
  1021 | D:2      | Slain by Sigmund

Illustrated notes

Levels and vault maps discovered:
D:1:      dpeg_arrival_castle, layout_loops_cross, serial_shops, shop, hex_large
D:2:      layout_loops_ring, basic_altar, nicolae_ecumenical_oubliette,
          kennysheep_jessica_study, uniq_sigmund

Skill      XL: |  1  2  3 |
---------------+----------+-----
Unarmed Combat | 3 4 |  4.1
Fighting       | |  3.0
Spellcasting   | |  1.0
Fire Magic     | |  2.6

Action                     || total
---------------------------++-------
  Melee: Unarmed           ||   104
         Punch             ||     2
 Invoke: Fiery Armour      ||     3
 Armour: Robe              ||    28
  Dodge: Dodged            ||    67

Table legend: (Time is in decaauts)
 A = Elapsed time spent in this place.
 B = Non-inter-level travel time spent in this place.
 C = Inter-level travel time spent in this place.
 D = Time resting spent in this place.
 E = Time spent auto-exploring this place.
 F = Levels seen in this place.
 G = Mean time per level.
                   A        B        C        D        E       F      G
               +--------+--------+--------+--------+--------+-----+--------+
         Total |   1017 |    984 |     33 |      2 |    769 |   2 |  508.5 |
       Dungeon |   1017 |    984 |     33 |      2 |    769 |   2 |  508.5 |
               +--------+--------+--------+--------+--------+-----+--------+

Top non-repeatable levels by time:
     D:1: 813 daAuts
     D:2: 204 daAuts
